 Dungeon Crawl Stone Soup version 0.27.1-2-g3b301248ec (webtiles) character file.

Game seed: 17022033343477125703

351 pkoi the Slasher (level 6, -3/45 HPs)
             Began as a Minotaur Gladiator on Sept 28, 2021.
             Was a Follower of Hepliaklqana.
             Slain by a gnoll (13 damage)
             ... on level 4 of the Dungeon.
             The game lasted 00:03:24 (3288 turns).

pkoi the Slasher (Minotaur Gladiator)               Turns: 3288, Time: 00:03:25

Health: -3/45      AC:  4    Str: 20    XL:     6   Next: 34%
Magic:  5/5        EV: 12    Int: 11    God:    Hepliaklqana [*.....]
Gold:   173        SH:  0    Dex: 12    Spells: 5/5 levels left

rFire    . . .     SeeInvis .   a - +1 long sword (vorpal)
rCold    . . .     Faith    .   (no shield)
rNeg     . . .     Spirit   .   b - +0 leather armour
rPois    .         Reflect  .   c - +0 hat
rElec    .         Harm     .   g - +0 cloak
rCorr    .         Rampage  .   (no gloves)
Will     .....                  (no boots)
Stlth    +.........             (no amulet)
HPRegen  0.15/turn              h - +6 ring of intelligence
MPRegen  0.09/turn              (no ring)

@: no status effects
A: reduced essence, horns 2, retaliatory headbutt
a: Renounce Religion, Recall Ancestor, Ancestor Identity


You were on level 4 of the Dungeon.
You worshipped Hepliaklqana.
Hepliaklqana was aware of your devotion.
You visited 1 branch of the dungeon, and saw 4 of its levels.

You collected 173 gold pieces.

Inventory:

Hand Weapons
 a - a +1 vorpal long sword (weapon)
Missiles
 d - 3 throwing nets (quivered)
 f - 7 boomerangs
Armour
 b - a +0 leather armour (worn)
 c - a +0 hat (worn)
 g - a +0 cloak (worn)
Jewellery
 h - a +6 ring of intelligence (left hand)
Scrolls
 e - 2 scrolls of identify
 i - 2 scrolls of blinking
 j - a scroll of amnesia {unknown}
 l - a scroll of fog
 m - a scroll of enchant armour {unknown}
 o - a scroll of holy word {unknown}
Potions
 k - a potion of lignification {unknown}
 n - a potion of mutation {unknown}


   Skills:
 + Level 2.6 Fighting
 * Level 7.3 Long Blades
 - Level 2.0 Throwing
 + Level 4.1 Armour
 - Level 3.2 Dodging
 + Level 0.3 Invocations


You had 5 spell levels left.
You didn't know any spells.
Your spell library contained the following spells:

 Spells                   Type           Power      Damage    Failure   Level
 Summon Small Mammal      Summ           0%         N/A       38%         1
 Call Canine Familiar     Summ           0%         N/A       77%         3
 Summon Guardian Golem    Hex/Summ       0%         N/A       77%         3


Dungeon Overview and Level Annotations

Branches:
Dungeon (4/15)
 Temple: D:4-7

Altars:
Hepliaklqana

Portals:
Sewer: D:4


Innate Abilities, Weirdness & Mutations

Your life essence is reduced to manifest your ancestor. (-10% HP)
You have a pair of horns on your head.
You reflexively headbutt those who attack you in melee.


Message History

The worm is severely wounded.
Lia hits the worm.
You hit the worm but do no damage. Your headbutt misses the worm.
The worm is almost dead.
Lia hits the worm.
The worm barely misses Lia.
You hit the worm.
You kill the worm! 2 gnolls come into view.
The gnoll shouts!
A gnoll comes into view. It is wielding a +0 halberd.
The gnoll moves out of view.
A gnoll shaman comes into view. It is wielding a +0 whip of flaming.
The gnoll shouts!
You hear a shout!
You see here a book of Callings.
You pick up a book of Callings and begin reading...
You add the spells Summon Small Mammal, Call Canine Familiar and Summon Guardian Golem to your library.
The gnoll hits you from afar with a +0 spear.
The worm bites you!
You enter the shallow water.
Moving in this stuff is going to be slow.
Lia hits the worm.
A gnoll comes into view. It is wielding a +0 spear.
The gnoll hits you from afar with a +0 spear.
The gnoll hits you from afar with a +0 halberd.
* * * LOW HITPOINT WARNING * * *
The gnoll hits you from afar with a +0 spear.
* * * LOW HITPOINT WARNING * * *
Lia barely misses the gnoll.
The gnoll hits you from afar with a +0 halberd.
* * * LOW HITPOINT WARNING * * *
The gnoll hits you from afar with a +0 spear.
* * * LOW HITPOINT WARNING * * *
Lia hits the gnoll.
The gnoll hits you from afar with a +0 halberd.
* * * LOW HITPOINT WARNING * * *
The gnoll splashes around in the water.
Lia hits the gnoll.
There is a glowing drain here.
Unknown command.
The gnoll hits you from afar with a +0 halberd!
You die...

#.# #. #.# #...# #.#
########g#g## ###.#
#...........##
....#####.##..#..≈#..##
..........#...≈≈g≈≈...#
.##.........#Rgg≈≈≈≈#.#
. #.######...≈≈≈≈≈≈≈..##
.##.######...≈w≈@≈≈≈...#
........###.≈≈≈≈≈≈≈≈....
#.......# #(#≈≈≈≈≈≈≈#.##
#.......# #...≈≈≈≈≈...#
#.........##..#...#..##
#.......#.###.......##
........#.# ###...###
#.......# # #.#.#
.....####


You could see the friendly Lia the ancestor, a gnoll shaman, a worm and 4
gnolls.

Vanquished Creatures
  An ogre (D:2)
  A phantom (D:4)
  A hound (D:4)
  Terence (D:2)
  2 hound skeletons
  A gnoll (D:1)
  2 adders (D:2)
  An adder skeleton (D:4)
  A worm (D:4)
  7 dart slugs
  3 orcs (D:3)
  2 bats (D:3)
  6 endoplasms
  2 giant cockroaches
  8 goblins
  A hobgoblin (D:2)
  2 kobolds
  4 quokkas (D:1)
  7 ball pythons
  6 frilled lizards
  4 rats
63 creatures vanquished.

Vanquished Creatures (collateral kills)
  An orc (D:3)
1 creature vanquished.

Grand Total: 64 creatures vanquished

Notes
Turn   | Place    | Note
-------+----------+-------------------------------------------
     0 | D:1      | pkoi the Minotaur Gladiator began the quest for the Orb.
     0 | D:1      | Reached XP level 1. HP: 18/18 MP: 0/0
    44 | D:1      | Reached skill level 4 in Long Blades
    44 | D:1      | Reached skill level 1 in Armour
    44 | D:1      | Reached XP level 2. HP: 14/25 MP: 1/1
   493 | D:1      | Reached XP level 3. HP: 22/30 MP: 2/2
   984 | D:2      | Reached skill level 5 in Long Blades
  1105 | D:2      | Noticed an ogre
  1163 | D:2      | Killed an ogre
  1164 | D:2      | Reached skill level 6 in Long Blades
  1164 | D:2      | Reached XP level 4. HP: 37/37 MP: 3/3
  1213 | D:2      | Found a hazy altar of Hepliaklqana.
  1218 | D:2      | Became a worshipper of Hepliaklqana the Forgotten
  1364 | D:2      | Noticed Terence
  1372 | D:2      | Killed Terence
  1373 | D:2      | Reached XP level 5. HP: 19/42 MP: 4/4
  1599 | D:2      | Found a faded altar of an unknown god.
  2360 | D:3      | Reached * piety under Hepliaklqana
  3152 | D:4      | Noticed a phantom
  3156 | D:4      | Killed a phantom
  3157 | D:4      | Reached skill level 7 in Long Blades
  3157 | D:4      | Reached XP level 6. HP: 39/45 MP: 5/5
  3274 | D:4      | Found a glowing drain.
  3288 | D:4      | Slain by a gnoll

Illustrated notes

Levels and vault maps discovered:
D:1:      ebering_trefoil_3fold, layout_loops_ring
D:2:      layout_basic, basic_altar, shapermc_ecumenical_altar_totnotflames,
          uniq_terence
D:3:      layout_basic
D:4:      layout_loops_ring, cheibrodos_sewer_entry_drain, serial_bayou_ford_a,
          minmay_misc_feat_tower

Skill      XL: |  1  2  3  4  5 |
---------------+----------------+-----
Long Blades    | 4 6 7 |  7.3
Armour         | 1 3 4 |  4.1
Fighting       | |  2.6
Throwing       | |  2.0
Dodging        | |  3.2
Invocations    | |  0.3

Action                   |  1- 3 |  4- 6 || total
-------------------------+-------+-------++-------
Melee: Long sword        |    44 |    78 ||   122
       Headbutt          |     5 |    17 ||    22
Invok: Ancestor Identity |       |     1 ||     1
  Use: Scroll            |     1 |     7 ||     8
 Stab: Sleeping          |     2 |       ||     2
Armor: Leather armour    |     9 |    29 ||    38
Dodge: Dodged            |    28 |    47 ||    75
       Rpst.: Long sword |     3 |    12 ||    15
